 Dungeon Sprint DCSS version 0.27.1-33-g824d729ab1 (webtiles) character file.

Game seed: 16024311355232493502

1019 Adenis the Unseen (level 8, -10/63 HPs)
             Began as a Vampire Brigand on Dec 4, 2021.
             Was an Initiate of Dithmenos.
             Mangled by a deep troll (23 damage)
             ... in the Dungeon (Sprint I: "Red Sonja").
             The game lasted 00:01:00 (111 turns).

Adenis the Unseen (Vampire Brigand)                  Turns: 111, Time: 00:01:00

Health: -10/63     AC:  3    Str: 10    XL:     8   Next: 2%
Magic:  8/8        EV: 13    Int: 13    God:    Dithmenos [......]
Gold:   270        SH:  0    Dex: 18    Spells: 7/7 levels left

rFire    . . .     SeeInvis +   a - +2 dagger
rCold    . . .     Faith    .   (no shield)
rNeg     . . .     Spirit   .   b - +0 robe
rPois    .         Reflect  .   (no helmet)
rElec    .         Harm     .   c - +0 cloak
rCorr    .         Rampage  .   (no gloves)
Will     .....     NoTele   +   (no boots)
Stlth    ++++++++..             (no amulet)
HPRegen  0.40/turn              (no ring)
MPRegen  0.11/turn              (no ring)

@: healing quickly
A: alive, fangs 3, see invisible, vampiric 2
a: Exsanguinate, Renounce Religion


You were in the Dungeon.
You worshipped Dithmenos.
Dithmenos was noncommittal.
You visited 1 branch You collected 270 gold pieces.

Inventory:

Hand Weapons
 a - a +2 dagger (weapon)
Missiles
 d - 8 poisoned darts (quivered)
 e - 4 curare-tipped darts
Armour
 b - a +0 robe (worn)
 c - a +0 cloak (worn)
Scrolls
 k - a scroll of blinking
Potions
 f - 2 potions of curing
 g - a potion of heal wounds
 h - a potion of haste
 i - 2 potions of magic


   Skills:
 + Level 5.5 Fighting
 + Level 7.1 Short Blades
 + Level 4.2 Throwing
 + Level 2.6 Dodging
 + Level 20.5 Stealth


You had 7 spell levels left.
You didn't know any spells.
Your spell library was empty.

Dungeon Overview and Level Annotations

Branches:
Dungeon (1/1)

Altars:
Cheibriados
Dithmenos
Elyvilon
Fedhas
Gozag
Hepliaklqana
Kikubaaqudgha
Nemelex Xobeh
Okawaru
Qazlal
Ru
Sif Muna
Trog
Uskayaw
Vehumet
Wu Jian
Yredelemnul
Zin
The Shining One

Shops:
D [


Innate Abilities, Weirdness & Mutations

Your natural rate of healing is accelerated.
You have razor-sharp teeth.
You have supernaturally acute eyesight. (SInv)
You are afflicted with vampirism and can become a bat while bloodless.


Message History

There is an open door here.
You open the door.
Sonja, the Graceful Assassin comes into view.
She is wielding a +1 short sword of distortion and quivering curare-tipped darts.
Found 108 gold pieces.
There is an open door here.
The helpless Sonja fails to defend herself.
You spit Sonja like a pig!!!!
You kill Sonja!
Dithmenos accepts your kill.
Your Fighting skill increases to level 5!
Your Short Blades skill gained 2 levels and is now at level 7!
Your Throwing skill increases to level 4!
Your Stealth skill gained 3 levels and is now at level 20!
You have reached level 7!
You have reached level 8!
e - 4 curare-tipped darts (gained 2)
Things that are here:
a +1 short sword of distortion; the kobold corpse of Sonja You now have 189 gold pieces (gained 27).
You now have 216 gold pieces (gained 27).
You now have 243 gold pieces (gained 27).
You now have 270 gold pieces (gained 27).
You open the door.
A deep troll comes into view.
The deep troll shouts!
Found 108 gold pieces.
There is an open door here.
You hit the deep troll.
The deep troll is lightly wounded.
The deep troll barely misses you. The deep troll claws you!
The deep troll claws you but does no damage.
You hit the deep troll but do no damage.
The deep troll is lightly wounded.
The deep troll bites you! The deep troll claws you! x2
* * * LOW HITPOINT WARNING * * *
You barely miss the deep troll.
You hit the deep troll but do no damage.
You bite the deep troll, but do no damage.
The deep troll bites you!!
You die...

#..#####'#####'#
#..####..# #(#
#..#__#### ##[#
#..#_____##+#_.+
#⌠⌠#_.∩...'..._#
####_..__##_.#+#
#_____###'#
#########.####+###
+...@T$.$$+
#.).####### ##.##
#+#


You could see a deep troll.

Vanquished Creatures
  Sonja (D)
  Sigmund (D)
  A yak (D)
  An ogre (D)
  A jelly (D)
  Ijyb (D)
6 creatures vanquished.

Notes
Turn   | Place    | Note
-------+----------+-------------------------------------------
     0 | D        | Adenis the Vampire Brigand began the quest for the Orb.
     0 | D        | Reached XP level 1. HP: 16/16 MP: 1/1
     2 | D        | Noticed Ijyb
     7 | D        | Killed Ijyb
     8 | D        | Reached skill level 9 in Stealth
     8 | D        | Reached XP level 2. HP: 23/23 MP: 2/2
     9 | D        | Noticed an ogre
    13 | D        | Killed an ogre
    14 | D        | Reached skill level 12 in Stealth
    14 | D        | Gained mutation: You are afflicted with vampirism and can
                  | become a bat while bloodless. [Vampire growth]
    14 | D        | Reached XP level 3. HP: 29/29 MP: 3/3
    14 | D        | Reached XP level 4. HP: 35/35 MP: 4/4
    15 | D        | Noticed Sigmund
    27 | D        | Killed Sigmund
    28 | D        | Reached skill level 5 in Short Blades
    28 | D        | Reached skill level 15 in Stealth
    28 | D        | Reached XP level 5. HP: 29/42 MP: 5/5
    28 | D        | Reached XP level 6. HP: 33/48 MP: 6/6
    56 | D        | Found an ornate altar of the Wu Jian Council.
    56 | D        | Found a shimmering blue altar of Sif Muna.
    58 | D        | Found a radiant altar of Vehumet.
    65 | D        | Reached skill level 16 in Stealth
    66 | D        | Found Joropnis's Antique Armour Emporium.
    66 | D        | Found an ancient bone altar of Kikubaaqudgha.
    66 | D        | Found a hazy altar of Hepliaklqana.
    66 | D        | Found a stormy altar of Qazlal.
    66 | D        | Found a hide-covered altar of Uskayaw.
    66 | D        | Found a blossoming altar of Fedhas.
    66 | D        | Found a bloodstained altar of Trog.
    66 | D        | Found an iron altar of Okawaru.
    66 | D        | Found a basalt altar of Yredelemnul.
    66 | D        | Found a snail-covered altar of Cheibriados.
    66 | D        | Found a sacrificial altar of Ru.
    66 | D        | Found a shadowy altar of Dithmenos.
    66 | D        | Noticed a yak
    67 | D        | Found an opulent altar of Gozag.
    68 | D        | Killed a yak
    69 | D        | Reached skill level 17 in Stealth
    69 | D        | Found a sparkling altar of Nemelex Xobeh.
    77 | D        | Became a worshipper of Dithmenos the Shadowed
    89 | D        | Noticed Sonja
    93 | D        | Killed Sonja
    94 | D        | Reached skill level 5 in Fighting
    94 | D        | Reached skill level 20 in Stealth
    94 | D        | Reached XP level 7. HP: 56/56 MP: 7/7
    94 | D        | Reached XP level 8. HP: 63/63 MP: 8/8
   106 | D        | Noticed a deep troll
   111 | D        | Mangled by a deep troll

Illustrated notes

Levels and vault maps discovered:
D:        dungeon_sprint_1 [red_sonja_temple_1, red_sonja_temple_small_1]

Skill      XL: |  1  2  3  4  5  6 |
---------------+-------------------+-----
Fighting       | 2 3 5 |  5.5
Throwing       | 2 3 4 |  4.2
Stealth        | 9 12 15 20 | 20.5
Short Blades   | 3 5 7 |  7.1
Dodging        | 2 |  2.6

Action                   |  1- 3 |  4- 6 |  7- 9 || total
-------------------------+-------+-------+-------++-------
Melee: Dagger            |     3 |    13 |     4 ||    20
       Bite              |       |     2 |     1 ||     3
  Use: Potion            |       |     1 |       ||     1
 Stab: Sleeping          |     2 |     3 |       ||     5
Armor: Robe              |       |       |     1 ||     1
Dodge: Dodged            |       |     4 |     1 ||     5
